 Dungeon Crawl Stone Soup version 0.29.1-15-g9cfb28693d (webtiles) character file.

Game seed: 14987518582171486190

7532 croobank the Covert (level 11, -28/75 HPs)
             Began as an Octopode Delver on Mar 12, 2023.
             Killed from afar by Erica (40 damage)
             ... with a bolt of poison
             ... on level 9 of the Dungeon.
             The game lasted 01:00:43 (12333 turns).

croobank the Covert (Octopode Delver)              Turns: 12333, Time: 01:00:44

Health: -28/75     AC:  3    Str: 11    XL:     11   Next: 16%
Magic:  6/19       EV: 19    Int: 17    God:
Gold:   0          SH:  4    Dex: 14    Spells: 14/21 levels left

rFire   . . .      SeeInvis .   B - +2 dagger (freeze)
rCold   + . .      Faith    .   t - +0 buckler
rNeg    . . .      Spirit   .   L - +2 hat
rPois   .          Reflect  .   (no amulet)
rElec   .          Harm     .   q - ring of wizardry
rCorr   .          Rampage  .   v - ring of protection from cold
Will    .....                   J - +4 ring of evasion
Stlth   ++++++....              (no ring)
HPRegen 0.22/turn               (no ring)
MPRegen 0.16/turn               (no ring)
                                (no ring)
                                (no ring)

@: mighty, lethally poisoned (-28 -> -39), studying Summonings
A: almost no armour, amphibious, 8 rings, camouflage 1, gelatinous body 1,
(nimble swimmer 1), tentacles
a: no special abilities


You were on level 9 of the Dungeon.
You visited 2 branches of the dungeon, and saw 10 of its levels.

Inventory:

Hand Weapons
 a - a +0 hand axe
 c - a +1 dagger of draining
 o - a +1 rapier of holy wrath
 y - the +4 mace "Rabyfoul" {vorpal, rPois rF+}
   (You took it off a kobold on level 3 of the Dungeon)

   It inflicts extra damage upon your enemies.
   rF:        It protects you from fire.
   rPois:     It protects you from poison.
 z - a +1 dire flail of protection
 B - a +2 dagger of freezing (weapon)
 D - a +0 long sword
 H - a +3 trident of freezing
 M - a +2 halberd of flaming
Missiles
 e - 4 curare-tipped darts (quivered)
 l - 6 boomerangs
 p - 8 poisoned darts
 G - a throwing net
Armour
 t - a +0 buckler (worn)
 L - a +2 hat (worn)
Magical Staves
 r - a staff of death
Jewellery
 q - a ring of wizardry (left tentacle)
 v - a ring of protection from cold (right tentacle)
 J - a +4 ring of evasion (on tentacle)
Scrolls
 b - a scroll of fog
 g - a scroll of brand weapon
 h - 3 scrolls of identify
 j - 4 scrolls of teleportation
 m - a scroll of summoning
 n - a scroll of butterflies
 s - a scroll of vulnerability
 x - a scroll of magic mapping
 K - a scroll of amnesia
Potions
 d - a potion of curing
 i - 3 potions of attraction
 k - 2 potions of might
 w - a potion of brilliance
 A - 2 potions of flight
 I - a potion of mutation


   Skills:
 + Level 7.2 Fighting
 + Level 6.8 Axes
 + Level 6.7 Dodging
 + Level 11.4 Stealth
 + Level 2.7 Shields
 + Level 5.9 Spellcasting
 + Level 3.9 Hexes
 + Level 7.3 Summonings


You had 14 spell levels left.
You knew the following spells:

 Your Spells              Type           Power      Damage    Failure   Level
a - Summon Small Mammal   Summ           100%       N/A       1%          1
c - Call Canine Familiar  Summ           29%        N/A       1%          3
d - Summon Guardian Gole  Hex/Summ       24%        N/A       1%          3

Your spell library contained the following spells:

 Spells                   Type           Power      Damage    Failure   Level
 Apportation              Tloc           10%        N/A       7%          1
 Magic Dart               Conj           20%        1d4       7%          1
 Necrotise                Necr           20%        1d5       7%          1
 Searing Ray              Conj           10%        2d4       11%         2
 Fulminant Prism          Conj/Hex       5%         3d7       28%         4
 Borgnjor's Revivificati  Necr           2%         N/A       100%        8
 Necromutation            Tmut/Necr      2%         N/A       100%        8
 Death's Door             Necr           2%         N/A       100%        9


Dungeon Overview and Level Annotations

Branches:
Dungeon (9/15)             Temple (1/1) D:4
   Lair: D:8-11         Orc: D:9-12

Altars:
Ashenzari
Cheibriados
Dithmenos
Gozag
Kikubaaqudgha
Makhleb
Qazlal
Sif Muna
Vehumet
Wu Jian
Yredelemnul
Zin

Annotations:
D:9 Erica, Maurice


Innate Abilities, Weirdness & Mutations

You cannot wear most types of armour.
You are amphibious.
You can wear up to eight rings at the same time.
Your skin changes colour to match your surroundings (Stealth+).
Your rubbery body absorbs attacks. (AC +1, EV +1)
((You are camouflaged when in or above water. (Stealth+)))
You have tentacles for arms and can constrict up to eight enemies at once.


Message History

Reactivating autopickup.
Erica hits your guardian golem but does no damage.
Your hound bites the acid dragon but does no damage.
Saving game... please wait.
Level annotation: Erica, Maurice Welcome back, croobank the Octopode Delver.
Press ? for a list of commands and other information.
Okay, then.
Maurice seems less brilliant.
A killer bee comes into view.
Your hound bites the acid dragon.
Maurice drinks a potion.
Maurice's spells are empowered!
The acid dragon barely misses your hound.
The acid dragon claws your hound.
Erica says, "Fast and perfect.
Such is my way of killing."
Erica hits your guardian golem but does no damage.
Your hound bites the acid dragon but does no damage.
Erica barely misses your hound. The acid dragon bites your hound!
The acid dragon barely misses your hound.
Your hound bites the acid dragon.
Maurice throws a boomerang.
The boomerang hits you!
* * * LOW HITPOINT WARNING * * *
Unknown command. 2 killer bees come into view.
You flicker back into view.
A killer bee comes into view.
Your hound bites the acid dragon.
Erica barely misses your guardian golem.
The acid dragon spits acid at you. The splash of acid misses you.
Your hound closely misses the acid dragon.
Maurice gestures wildly while chanting.
Maurice blinks!
Erica points at you and mumbles some strange words.
The bolt of poison hits your guardian golem.
Your guardian golem completely resists.
The bolt of poison hits you!!!
You are poisoned.
Ouch! That really hurt!
You die...

...##............. #
#........(..###..
.##.?......h.## ##.
.......b..@D..# #
..##....bb9(.######.###
............)..#......#
.....@..........(.......
...<####.......(........
.......@....##.####.....
......##(....#.# #...
##... #....##.# .. #..
.....y...# . ...
#....(..... ..
......y..y.. #
....[y...#.. ....##


You could see Erica (ally target), an acid dragon (ally target), 4 killer bees,
a friendly guardian golem (summoned) and a friendly hound (summoned, sheltered).

Vanquished Creatures
  Maggie (D:8)
  A hornet (D:9)
  2 steam dragons (D:7)
  A water moccasin (D:5)
  Duvessa (D:7)
  A sky beast (D:8)
  2 ogres
  3 centaurs
  A kobold brigand (D:9)
  A phantom (D:7)
  2 bullfrogs (D:8)
  2 scorpions
  Dowan (D:7)
  2 hounds (D:5)
  3 iguanas
  2 orc wizards
  4 gnolls
  4 adders
  A shadow imp (D:5)
  5 white imps
  4 ufetubi
  A worm (D:3)
  3 dart slugs
  9 orcs
  6 endoplasms
  2 giant cockroaches
  4 goblins
  2 hobgoblins
  6 jackals
  11 kobolds
  5 quokkas
  6 ball pythons
  6 bats
  2 frilled lizards
  3 rats
  A bush (D:8)
111 creatures vanquished.

Vanquished Creatures (collateral kills)
  An orc warrior (D:7)
  2 sky beasts
  3 ogres
  A bullfrog (D:7)
  2 necrophages
  2 scorpions
  3 hounds
  2 gnolls (D:8)
  A shadow imp (D:7)
  A white imp (D:7)
  A dart slug (D:1)
  10 orcs
  A ball python (D:1)
  2 kobolds (D:9)
  A rat (D:2)
33 creatures vanquished.

Vanquished Creatures (others)
  Gastronok (D:8)
  A two-headed ogre (D:7)
  A skeletal warrior (D:7)
  7 yaks
  A wyvern (D:7)
  Edmund (D:6)
  An ice beast (D:6)
  An orc warrior (D:8)
  2 centaurs
  3 gnoll sergeants (D:8)
  4 wights (D:7)
  A killer bee (D:9)
  A jelly (D:6)
  9 gnolls (D:8)
  2 orcs (D:7)
36 creatures vanquished.

Grand Total: 180 creatures vanquished

Notes
Turn   | Place    | Note
-------+----------+-------------------------------------------
     0 | D:5      | croobank the Octopode Delver began the quest for the Orb.
     0 | D:5      | Reached XP level 1. HP: 16/16 MP: 1/1
    17 | D:6      | Noticed an orc wizard
    44 | D:5      | Noticed a hound
   179 | D:4      | Noticed an ogre
   182 | D:4      | Found a staircase to the Ecumenical Temple.
   199 | Temple   | Entered the Ecumenical Temple
   451 | D:2      | Reached XP level 2. HP: 13/21 MP: 2/2
   712 | D:1      | Reached XP level 3. HP: 17/26 MP: 3/3
   714 | D:1      | Learned a level 1 spell: Summon Small Mammal
  1178 | D:1      | Found a faded altar of an unknown god.
  1608 | D:2      | You fall into a shaft and drop 2 floors!
  2177 | D:2      | Reached skill level 7 in Stealth
  2177 | D:2      | Reached skill level 1 in Spellcasting
  2365 | D:2      | Reached skill level 1 in Summonings
  2426 | D:2      | Reached XP level 4. HP: 30/30 MP: 5/5
  2512 | D:3      | Learned a level 3 spell: Call Canine Familiar
  2945 | D:3      | Identified the +4 mace "Rabyfoul" {vorpal, rPois rF+}
  3206 | D:3      | Found a snail-covered altar of Cheibriados.
  3705 | D:4      | Noticed a scorpion
  3706 | D:4      | Reached XP level 5. HP: 33/36 MP: 7/7
  4372 | D:4      | Killed an ogre
  4373 | D:4      | Reached XP level 6. HP: 43/43 MP: 0/8
  4960 | D:5      | Noticed a water moccasin
  4964 | D:5      | Reached XP level 7. HP: 37/48 MP: 10/10
  5135 | D:5      | Reached skill level 8 in Stealth
  5850 | D:5      | Found a shimmering blue altar of Sif Muna.
  5944 | D:5      | Found a glowing silver altar of Zin.
  5944 | D:5      | Noticed an angel
  6045 | D:5      | Reached XP level 8. HP: 47/54 MP: 12/12
  6464 | D:5      | Learned a level 3 spell: Summon Guardian Golem
  6634 | D:6      | Found an ornate altar of the Wu Jian Council.
  6742 | D:6      | Noticed Edmund
  6764 | D:6      | Killed Edmund
  7003 | D:6      | Noticed a yak
  7003 | D:6      | Noticed a yak
  7003 | D:6      | Noticed a yak
  7003 | D:6      | Noticed a yak
  7031 | D:6      | Killed a yak
  7032 | D:6      | Reached skill level 5 in Fighting
  7048 | D:6      | Killed a yak
  7058 | D:6      | Killed a yak
  7059 | D:6      | Reached skill level 9 in Stealth
  7064 | D:6      | Killed a yak
  7065 | D:6      | Reached XP level 9. HP: 17/61 MP: 2/15
  7506 | D:6      | Reached skill level 5 in Dodging
  7519 | D:6      | Reached skill level 5 in Axes
  7959 | D:7      | Noticed Duvessa
  7962 | D:7      | Killed Duvessa
  7962 | D:7      | Noticed Dowan
  7968 | D:7      | Killed Dowan
  8409 | D:7      | Reached skill level 10 in Stealth
  8409 | D:7      | Reached skill level 5 in Summonings
  8421 | D:7      | Reached skill level 1 in Hexes
  8811 | D:7      | Noticed a skeletal warrior
  8853 | D:7      | Killed a skeletal warrior
  8854 | D:7      | Reached skill level 5 in Spellcasting
  8854 | D:7      | Reached XP level 10. HP: 13/69 MP: 0/17
 10256 | D:8      | Noticed a two-headed ogre
 10291 | D:7      | Killed a two-headed ogre
 10292 | D:7      | Reached skill level 1 in Shields
 10798 | D:8      | Reached skill level 11 in Stealth
 11013 | D:8      | Found a burning altar of Makhleb.
 11275 | D:8      | Noticed Gastronok
 11324 | D:8      | Killed Gastronok
 11325 | D:8      | Reached XP level 11. HP: 22/75 MP: 11/19
 11604 | D:8      | Noticed Maggie
 11609 | D:8      | Killed Maggie
 12290 | D:9      | Noticed Maurice
 12301 | D:9      | Noticed Erica
 12333 | D:9      | Killed from afar by Erica

Illustrated notes

Levels and vault maps discovered:
D:1:      elethiomel_arrival_infinity_welcomes_careful_drivers, layout_rooms,
          ebering_ecumenical_altar_box
D:2:      layout_basic
D:3:      layout_loops_ring, mainiacjoe_overflow_24_doors
D:4:      kennysheep_six_static_rooms, layout_rooms, minmay_temple_entry_slanted
D:5:      layout_loops_cross, zin_angel, mainiacjoe_overflow_boulevard,
          minmay_misc_feat_pillars
D:6:      layout_loops_ring, nicolae_wu_jian_wuxing_cycle, uniq_edmund
D:7:      layout_loops_ring, minmay_manual_macuahuitl, uniq_duvessa
D:8:      layout_loops_cross, mainiacjoe_overflow_alcove_2, st_stairs_5,
          kb_lookout_dungeons_type, uniq_maggie, uniq_gastronok
D:9:      layout_cave_pools, mainiacjoe_overflow_large_starburst,
          nicolae_tso_swordbearing_angel, mainiacjoe_overflow_tiny_flanked,
          minmay_gold_behind_fungi, uniq_erica, uniq_maurice
Temple:   eino_wide_crystal_templ

Skill      XL: |  1  2  3  4  5  6  7  8  9 10 |
---------------+-------------------------------+-----
Stealth        | 7 8 9 10 11 | 11.4
Spellcasting   | 1 2 3 4 5 |  5.9
Summonings     | 1 2 3 4 5 7 |  7.3
Dodging        | 3 4 5 6 |  6.7
Axes           | 3 4 6 |  6.8
Fighting       | 4 5 6 7 |  7.2
Hexes          | 2 3 |  3.9
Shields        | 2 |  2.7

Action                   |  1- 3 |  4- 6 |  7- 9 | 10-12 || total
-------------------------+-------+-------+-------+-------++-------
Melee: Hand axe          |    61 |    16 |       |       ||    77
       Tentacles         |     7 |    21 |    14 |    33 ||    75
       Constrict         |    12 |    21 |    12 |     3 ||    48
       Mace              |       |    70 |    60 |    15 ||   145
       Punch             |       |     1 |       |     4 ||     5
       Dagger            |       |       |     6 |    67 ||    73
Throw: Dart              |       |       |     1 |     1 ||     2
 Cast: Summon Small Mamm |    18 |     9 |    26 |    16 ||    69
       Call Canine Famil |       |     2 |    30 |    16 ||    48
       Summon Guardian G |       |       |    30 |    28 ||    58
  Use: Scroll            |     1 |       |       |    16 ||    17
       Potion            |       |     1 |     6 |     2 ||     9
 Stab: Sleeping          |     5 |     7 |     5 |     7 ||    24
       Distracted        |     1 |     1 |     1 |     1 ||     4
Armor: Skin              |     7 |     2 |     2 |     3 ||    14
Dodge: Dodged            |    59 |    57 |    62 |    46 ||   224
Block: Buckler           |       |       |       |     4 ||     4
